 Dungeon Crawl Stone Soup version 0.29-b1-12-g9e2288ab2a (webtiles) character file.

Game seed: 5928753172171945073

2102 NinjaNoafa the Myrmidon (level 9, -3/75 HPs)
             Began as a Hill Orc Monk on Aug 24, 2022.
             Was an Elder of Okawaru.
             Slain by a kobold brigand
             ... wielding a +0 whip of distortion
              (22 damage)
             ... on level 6 of the Dungeon.
             The game lasted 00:20:03 (7349 turns).

NinjaNoafa the Myrmidon (Hill Orc Monk)             Turns: 7349, Time: 00:20:04

Health: -3/75      AC: 17    Str: 16    XL:     9   Next: 28%
Magic:  15/15      EV:  5    Int: 10    God:    Okawaru [****..]
Gold:   288        SH:  0    Dex: 15    Spells: 8/8 levels left

rFire   + . .      SeeInvis .   b - +10 mace of the Heavens {elec, rPois rN+ rCorr}
rCold   . . .      Faith    .   (no shield)
rNeg    + . .      Spirit   .   y - +0 plate armour
rPois   +          Reflect  .   v - +1 helmet
rElec   .          Harm     .   m - +2 cloak {Will+}
rCorr   +          Rampage  .   (no gloves)
Will    +....                   (no boots)
Stlth   ..........              (no amulet)
HPRegen 0.22/turn               e - ring of protection from fire
MPRegen 0.14/turn               t - ring of poison resistance

@: mighty, finesse-ful
A: no striking features
a: Renounce Religion, Heroism, Finesse


You were on level 6 of the Dungeon.
You worshipped Okawaru.
Okawaru was greatly pleased with you.
You visited 2 branches of the dungeon, and saw 7 of its levels.

You collected 288 gold pieces.

Inventory:

Hand Weapons
 b - the +10 mace of the Heavens (weapon) {elec, rPois rN+ rCorr}
   (You found it on level 4 of the Dungeon)

   It occasionally discharges a powerful burst of electricity upon striking a
   foe.
   rPois:     It protects you from poison.
   rN:        It protects you from negative energy.
   rCorr:     It protects you from acid and corrosion.
 n - a +2 vampiric hammer
Missiles
 g - 5 boomerangs (quivered)
 h - 68 stones
 j - 8 poisoned darts
Armour
 m - a +2 cloak of willpower (worn)
 v - a +1 helmet (worn)
 y - a +0 plate armour (worn)
Jewellery
 e - a ring of protection from fire (left hand)
 t - a ring of poison resistance (right hand)
Wands
 a - a wand of flame (13)
 f - a wand of roots (9)
 A - a wand of polymorph (7)
 B - a wand of paralysis (8)
Scrolls
 i - 2 scrolls of silence
 l - a scroll of magic mapping
 o - a scroll of acquirement {unknown}
 p - 2 scrolls of poison
 r - a scroll of blinking {unknown}
 s - 7 scrolls of vulnerability
 u - a scroll of amnesia
 x - a scroll of immolation
 z - a scroll of teleportation
Potions
 d - a potion of invisibility
 k - 4 potions of flight


   Skills:
 - Level 5.8 Fighting
 - Level 5.0(7.0) Axes
 - Level 6.3(7.0) Maces & Flails
 - Level 5.0 Armour
 - Level 2.4 Dodging
 - Level 1.5 Stealth
 + Level 8.8 Invocations
 - Level 4.0 Evocations


You had 8 spell levels left.
You didn't know any spells.
Your spell library contained the following spells:

 Spells                   Type           Power      Damage    Failure   Level
 Foxfire                  Conj/Fire      0%         2x1d4     100%        1
 Conjure Flame            Conj/Fire      0%         6-21      100%        3
 Inner Flame              Hex/Fire       0%         N/A       100%        3
 Flame Wave               Conj/Fire      0%         2d4       100%        4


Dungeon Overview and Level Annotations

Branches:
Dungeon (6/15)             Temple (1/1) D:6

Altars:
Cheibriados
Hepliaklqana
Nemelex Xobeh
Okawaru
Qazlal
Ru
Sif Muna
Trog
Uskayaw
Vehumet
Zin

Annotations:
D:6 voltaire321's ghost, novice DsVM


Message History

You bump into the rock wall.
The kobold brigand hits you with a +0 whip of distortion.
Space warps horribly around you.
Voltaire321's ghost hits you but does no damage.
You bump into the rock wall.
You feel less invigorated.
You feel less confused.
The kobold brigand hits you but does no damage.
You blink.
You closely miss voltaire321's ghost.
Voltaire321's ghost is lightly damaged.
The kobold brigand throws a poisoned dart.
The poisoned dart completely misses you.
Voltaire321's ghost closely misses you.
You sock voltaire321's ghost!
Voltaire321's ghost is lightly damaged.
You hit voltaire321's ghost.
Lightning courses through voltaire321's ghost!
Voltaire321's ghost is heavily damaged.
Voltaire321's ghost hits you but does no damage.
You barely miss voltaire321's ghost.
Voltaire321's ghost is heavily damaged.
You bludgeon voltaire321's ghost!!
Voltaire321's ghost is severely damaged.
The kobold brigand throws a poisoned dart.
The poisoned dart hits you! Voltaire321's ghost hits you.
* * * LOW HITPOINT WARNING * * *
You barely miss voltaire321's ghost.
Voltaire321's ghost is severely damaged.
You sock voltaire321's ghost!
Voltaire321's ghost is almost destroyed.
Voltaire321's ghost mumbles some strange words.
Voltaire321's ghost blinks!
You sock the kobold brigand!
The kobold brigand is moderately wounded.
The kobold brigand hits you but does no damage.
The kobold brigand hits you with a +0 short sword.
* * * LOW HITPOINT WARNING * * *
The kobold brigand hits you but does no damage.
Space warps horribly around you!!
You die...

#.........##.(.##
#.######.##.....##
#.# #.#.#...#.#
#.# ##.#⌠.#.#$⌠#
#.# ###..#.#...#.#
####.#
#...###.....###
.....#
#.#...##'''##.#
######
#.##....K.K...# #
#.##.#.#K@###.# #
#.##...W..K)).# ##
#.######..[####
.#######.# ###.#
.........# #.#
.######### #.# ##
#.# #.# #.#


You could see 4 kobold brigands and voltaire321's ghost.

Vanquished Creatures
  Pikel (D:4)
  A kobold demonologist (D:6)
  Menkaure (D:4)
  An ice beast (D:6)
  A centaur (D:6)
  2 lemures (D:4)
  6 kobold brigands (D:6)
  Blork the orc (D:4)
  A bullfrog (D:6)
  2 scorpions (D:5)
  A howler monkey (D:6)
  A jelly (D:6)
  2 hounds (D:4)
  An iguana (D:5)
  Crazy Yiuf (D:2)
  Terence (D:2)
  2 orc wizards (D:5)
  3 gnolls (D:3)
  8 adders
  A white imp (D:6)
  An ufetubus (D:4)
  2 dart slugs
  10 orcs
  5 ball pythons
  4 bats
  4 endoplasms
  8 giant cockroaches
  10 hobgoblins
  6 jackals
  4 quokkas
  3 frilled lizards
  6 goblins
  5 kobolds
  7 rats
113 creatures vanquished.

Notes
Turn   | Place    | Note
-------+----------+-------------------------------------------
     0 | D:1      | NinjaNoafa the Hill Orc Monk began the quest for the Orb.
     0 | D:1      | Reached XP level 1. HP: 19/19 MP: 1/1
   309 | D:1      | Reached XP level 2. HP: 18/27 MP: 2/2
   488 | D:1      | Reached skill level 1 in Invocations
   575 | D:1      | Reached skill level 1 in Armour
   890 | D:1      | Found a faded altar of an unknown god.
   959 | D:1      | Reached XP level 3. HP: 28/33 MP: 3/3
  1737 | D:2      | Reached skill level 5 in Axes
  1760 | D:2      | Found an iron altar of Okawaru.
  1849 | D:2      | Became a worshipper of Warmaster Okawaru
  1849 | D:2      | Reached * piety under Okawaru
  1849 | D:2      | Reached ** piety under Okawaru
  1948 | D:2      | Reached XP level 4. HP: 37/40 MP: 4/4
  1995 | D:2      | Noticed Terence
  2024 | D:2      | Killed Terence
  2413 | D:2      | Found a runed translucent door.
  2414 | D:2      | Noticed Crazy Yiuf
  2427 | D:2      | Killed Crazy Yiuf
  2428 | D:2      | Reached XP level 5. HP: 46/46 MP: 5/5
  2774 | D:3      | Found an iron altar of Okawaru.
  3001 | D:3      | Reached skill level 2 in Invocations
  3174 | D:4      | Reached skill level 1 in Maces & Flails
  3241 | D:4      | Noticed a lemure
  3276 | D:4      | Reached skill level 3 in Invocations
  3276 | D:4      | Reached XP level 6. HP: 24/52 MP: 6/8
  3636 | D:4      | Noticed Blork the orc
  3651 | D:4      | Killed Blork the orc
  3652 | D:4      | Reached skill level 4 in Invocations
  4000 | D:4      | Identified the +10 mace of the Heavens {elec, rPois rN+
                  | rCorr}
  4232 | D:4      | Noticed Pikel
  4249 | D:4      | Killed Pikel
  4249 | D:4      | Reached *** piety under Okawaru
  4250 | D:4      | Reached XP level 7. HP: 32/60 MP: 10/10
  4493 | D:4      | Noticed Menkaure
  4501 | D:4      | Killed Menkaure
  4501 | D:4      | Reached **** piety under Okawaru
  4502 | D:4      | Reached skill level 5 in Fighting
  4502 | D:4      | Reached skill level 5 in Maces & Flails
  4502 | D:4      | Reached skill level 5 in Invocations
  4502 | D:4      | Reached skill level 1 in Evocations
  4502 | D:4      | Reached XP level 8. HP: 65/68 MP: 11/11
  4601 | D:5      | Entered Level 5 of the Dungeon
  4743 | D:5      | Reached skill level 5 in Armour
  6135 | D:6      | Reached skill level 6 in Invocations
  6318 | D:6      | Found a runed translucent gate.
  6320 | D:6      | Found a runed translucent gate.
  6321 | D:6      | Found a runed translucent gate.
  6325 | D:6      | Noticed voltaire321's ghost (novice DsVM)
  6325 | D:6      | Noticed a kobold demonologist
  6825 | D:6      | Found a staircase to the Ecumenical Temple.
  6834 | Temple   | Entered the Ecumenical Temple
  7300 | D:6      | Killed a kobold demonologist
  7301 | D:6      | Reached XP level 9. HP: 59/75 MP: 11/14
  7309 | D:6      | Reached skill level 7 in Invocations
  7318 | D:6      | Reached ***** piety under Okawaru
  7319 | D:6      | Reached skill level 8 in Invocations
  7349 | D:6      | Slain by a kobold brigand

Illustrated notes

Levels and vault maps discovered:
D:1:      lightli_arrival_flooded_house, layout_rooms,
          hellmonk_ecumenical_altar_arch_garden,
          hangedman_decor_clover_reticule, minmay_misc_feat_plants
D:2:      layout_loops_ring, basic_altar, uniq_terence, uniq_crazy_yiuf_cottage
D:3:      layout_basic, okawaru_altar_gauntlet_db, solitary_fountain
D:4:      layout_loops_ring, uniq_menkaure, uniq_blork_the_orc, uniq_pikel
D:5:      layout_layer_cave, reono_crystal_passage, nicolae_fountain_basement
D:6:      layout_loops_ring, lemuel_temple_firewalk_b,
          gammafunk_ghost_nasty_kobolds, minmay_holes
Temple:   nicolae_temple_two_arcs

Skill      XL: |  1  2  3  4  5  6  7  8  9 |
---------------+----------------------------+-----
Invocations    | 1 3 4 5 6 8 |  8.8
Armour         | 1 2 3 4 5 |  5.0
Fighting       | 4 5 |  5.8
Axes           | 5 |  5.0
Maces & Flails | 1 4 5 6 |  6.3
Evocations     | 1 4 |  4.0
Dodging        | |  2.4
Stealth        | |  1.5

Action                   |  1- 3 |  4- 6 |  7- 9 || total
-------------------------+-------+-------+-------++-------
Melee: Hand axe          |   132 |    19 |       ||   151
       Mace              |       |   129 |    99 ||   228
       Punch             |       |     1 |     1 ||     2
Throw: Boomerang         |       |     9 |     1 ||    10
       Dart              |       |       |     2 ||     2
Invok: Heroism           |       |       |     1 ||     1
       Finesse           |       |       |     1 ||     1
Evoke: Wand              |       |     1 |     4 ||     5
  Use: Potion            |       |    11 |     3 ||    14
       Scroll            |       |    11 |     6 ||    17
 Stab: Sleeping          |     8 |     1 |       ||     9
       Invisible         |       |     1 |       ||     1
Armor: Robe              |    29 |    22 |       ||    51
       Skin              |       |     6 |       ||     6
       Scale mail        |       |    63 |    19 ||    82
       Plate armour      |       |       |    47 ||    47
       Chain mail        |       |       |     9 ||     9
Dodge: Dodged            |    91 |   137 |    45 ||   273
